 Dungeon Crawl Stone Soup version 0.30-a0-600-gb7c8574cbb (webtiles) character file.

Game seed: 3255161356341822967

591 BlackLaughter the Cudgeller (level 7, -3/44 HPs)
             Began as a Gargoyle Fighter on Jan 7, 2023.
             Was an Initiate of Okawaru.
             Slain by a gnoll
             ... wielding a +0 spear
             ... led by a gnoll bouda
              (8 damage)
             ... on level 4 of the Dungeon.
             The game lasted 00:16:45 (3101 turns).

BlackLaughter the Cudgeller (Gargoyle Fighter)      Turns: 3101, Time: 00:16:45

Health: -3/44      AC: 17    Str: 22    XL:     7   Next: 39%
Magic:  7/7        EV:  8    Int:  8    God:    Okawaru [......]
Gold:   250        SH:  4    Dex:  9    Spells: 6/6 levels left

rFire   . . .      SeeInvis .    a - +0 flail (chaos)
rCold   . . .      Faith    .    c - +0 buckler
rNeg    + . .      Spirit   .    o - +0 chain mail
rPois   ∞          Reflect  .    (no helmet)
rElec   +          Harm     .    j - +0 cloak
rCorr   .          Rampage  .    h - +0 pair of gloves
Will    .....                    (no boots) Stlth
                                 (no amulet)
HPRegen 0.27/turn                (no ring)
MPRegen 0.10/turn                (no ring)

@: mighty
A: sickness immunity, AC +4, negative energy resistance 1, electricity
resistance, torment resistance 1, petrification resistance
a: Renounce Religion


You were on level 4 of the Dungeon.
You worshipped Okawaru.
Okawaru was noncommittal.
You visited 2 branches of the dungeon, and saw 5 of its levels.

You collected 250 gold pieces.

Inventory:

Hand Weapons
 a - a +0 flail of chaos (weapon)
Armour
 b - a +0 scale mail
 c - a +0 buckler (worn)
 e - a +0 robe
 h - a +0 pair of gloves (worn)
 j - a +0 cloak (worn)
 o - a +0 chain mail (worn)
Wands
 g - a wand of flame (12)
Scrolls
 k - a scroll of poison
 m - a scroll of immolation
 n - 2 scrolls of fear
Potions
 d - a potion of might
 f - a potion of flight
 l - a potion of cancellation
 p - a potion of attraction


   Skills:
 + Level 4.4 Fighting
 + Level 5.2 Maces & Flails
 + Level 4.9 Armour
 + Level 1.4 Dodging
 + Level 0.6 Stealth
 + Level 4.5 Shields
 + Level 1.3 Evocations


You had 6 spell levels left.
You didn't know any spells.
Your spell library contained the following spells:

 Spells                   Type           Power      Damage    Failure   Level
 Freeze                   Ice            0%         1d3       99%         1
 Poisonous Vapours        Pois/Air       0%         N/A       100%        2
 Frozen Ramparts          Ice            0%         1d1       100%        3
 Hailstorm                Conj/Ice       0%         3d3       100%        3
 Mephitic Cloud           Conj/Pois/Air  0%         N/A       100%        3
 Cigotuvi's Dreadful Rot  Necr/Pois/Air  Unusable   N/A       N/A         2

Dungeon Overview and Level Annotations

Branches:
Dungeon (4/15)             Temple (1/1) D:4

Altars:
Cheibriados
Dithmenos
Elyvilon
Fedhas
Hepliaklqana
Nemelex Xobeh
Okawaru
Qazlal
Ru
Trog
Vehumet
Wu Jian
Xom
Yredelemnul
Zin
The Shining One


Innate Abilities, Weirdness & Mutations

You are immune to sickness and miasma.
Your stone body is resilient. (AC +4)
You are immune to poison.
You resist negative energy. (rN+)
You are resistant to electric shocks. (rElec)
You are resistant to unholy torment.
You are immune to petrification.


Message History

The gnoll bouda barely misses you.
You closely miss the gnoll bouda.
The gnoll hits you from afar with a +0 spear.
The gnoll hits you but does no damage.
The gnoll bouda hits you but does no damage.
You barely miss the gnoll bouda. The gnoll hits you but does no damage.
The gnoll barely misses you. You block the gnoll bouda's attack.
The gnoll closely misses you.
The gnoll hits you from afar with a +0 spear.
You miss the gnoll bouda.
The gnoll bouda hits you with a +0 whip.
The gnoll hits you from afar with a +0 spear. x2
* * * LOW HITPOINT WARNING * * *
You see here a +0 club.
The gnoll bouda attacks as you move away!
The gnoll bouda hits you but does no damage.
The gnoll hits you from afar with a +0 spear.
* * * LOW HITPOINT WARNING * * *
The gnoll bouda hits you but does no damage.
The gnoll bouda attacks as you move away!
You block the gnoll bouda's attack.
The gnoll hits you from afar with a +0 spear.
* * * LOW HITPOINT WARNING * * *
The gnoll bouda attacks as you move away!
The gnoll bouda completely misses you.
The gnoll is no longer moving quickly.
You feel very mighty all of a sudden. The gnoll completely misses you.
The gnoll bouda barks out a call to the hunt!
The gnoll picks up the pace!
You sock the gnoll bouda!
The gnoll bouda is moderately wounded.
The gnoll bouda hits you with a +0 whip.
* * * LOW HITPOINT WARNING * * *
You block the gnoll's attack.
You miss the gnoll bouda.
The gnoll bouda is moderately wounded.
You hear the drain falling apart.
The gnoll is no longer moving quickly.
The gnoll hits you from afar with a +0 spear!
You die...

#.........##.##..#.....
#.#.......##.##..#.####
#...#..#####.#.....#
###.....## #.....### #
##..#..# #.....#
####..##.###....##
##.........#...## .
#....(........######....
.............ggg@....#
............##########
............##
.............#
.#...#...#..)#########
......#####..#..g.....
......# ##.)........
......# #..........
......#######.........


You could see a gnoll bouda (agile) and 2 gnolls.

Vanquished Creatures
  Grinder (D:4)
  A phantom (D:4)
  A scorpion (D:4)
  A necrophage (D:4)
  6 adders
  5 gnolls (D:4)
  2 worms
  A dart slug (D:4)
  3 orcs (D:4)
  5 bats
  11 endoplasms
  5 giant cockroaches
  10 goblins
  4 hobgoblins
  9 kobolds
  4 quokkas
  7 ball pythons
  2 frilled lizards
  2 rats
80 creatures vanquished.

Notes
Turn   | Place    | Note
-------+----------+-------------------------------------------
     0 | D:1      | BlackLaughter the Gargoyle Fighter began the quest for the
                  | Orb.
     0 | D:1      | Reached XP level 1. HP: 14/14 MP: 1/1
   177 | D:1      | Reached XP level 2. HP: 15/19 MP: 2/2
   882 | D:2      | Reached XP level 3. HP: 23/23 MP: 3/3
  1036 | D:2      | Reached XP level 4. HP: 29/29 MP: 4/4
  1490 | D:3      | Found a stormy altar of Qazlal.
  1561 | D:3      | Found a radiant altar of Vehumet.
  1718 | D:3      | Found a bloodstained altar of Trog.
  1825 | D:3      | Reached skill level 3 in Maces & Flails
  2124 | D:3      | Found a white marble altar of Elyvilon.
  2404 | D:4      | Noticed Grinder
  2421 | D:4      | Killed Grinder
  2422 | D:4      | Reached skill level 4 in Maces & Flails
  2422 | D:4      | Reached skill level 1 in Dodging
  2422 | D:4      | Reached XP level 5. HP: 24/33 MP: 5/5
  2422 | D:4      | Reached XP level 6. HP: 28/38 MP: 6/6
  2485 | D:4      | Reached skill level 1 in Evocations
  2495 | D:4      | Reached XP level 7. HP: 43/43 MP: 7/7
  2671 | D:4      | Reached skill level 5 in Maces & Flails
  2738 | D:4      | Found a staircase to the Ecumenical Temple.
  2744 | Temple   | Entered the Ecumenical Temple
  2932 | Temple   | Became a worshipper of Warmaster Okawaru
  3101 | D:4      | Slain by a gnoll

Illustrated notes

Levels and vault maps discovered:
D:1:      lemuel_arrival_broad_hall, layout_basic
D:2:      layout_loops_cross, corexii_item_surrounded_by_moat
D:3:      wander_river, layout_loops_ring, marbit_many_paths,
          general_overflow_altar, lemuel_doored_altar,
          nicolae_qazlal_eye_of_the_storm, hex_large
D:4:      layout_rooms, minmay_temple_entry_enclosed_plants,
          gup_sewer_entry_bowl, uniq_grinder
Temple:   nicolae_temple_bog_church

Skill      XL: |  1  2  3  4  5  6  7 |
---------------+----------------------+-----
Armour         | 4 |  4.9
Maces & Flails | 4 5 |  5.2
Fighting       | 4 |  4.4
Dodging        | 1 |  1.4
Shields        | 4 |  4.5
Evocations     | 1 |  1.3
Stealth        | |  0.6

Action                   |  1- 3 |  4- 6 |  7- 9 || total
-------------------------+-------+-------+-------++-------
Melee: Flail             |    96 |    99 |    79 ||   274
Evoke: Wand              |       |     8 |       ||     8
  Use: Scroll            |       |     7 |     1 ||     8
       Potion            |       |       |     1 ||     1
Armor: Robe              |     7 |       |       ||     7
       Scale mail        |    62 |     7 |       ||    69
       Chain mail        |       |    51 |    71 ||   122
Dodge: Dodged            |    47 |    34 |    63 ||   144
Block: Buckler           |    30 |    18 |    35 ||    83

Table legend: (Time is in decaauts)
 A = Elapsed time spent in this place.
 B = Non-inter-level travel time spent in this place.
 C = Inter-level travel time spent in this place.
 D = Time resting spent in this place.
 E = Time spent auto-exploring this place.
 F = Levels seen in this place.
 G = Mean time per level.
                   A        B        C        D        E       F      G
               +--------+--------+--------+--------+--------+-----+--------+
         Total |   3200 |   2991 |    209 |      0 |   2215 |   5 |  640.0 |
       Dungeon |   2985 |   2823 |    162 |      0 |   2061 |   4 |  746.2 |
        Temple |    214 |    167 |     47 |      0 |    154 |   1 |  214.0 |
               +--------+--------+--------+--------+--------+-----+--------+

Top non-repeatable levels by time:
     D:3: 958 daAuts
     D:1: 812 daAuts
     D:2: 711 daAuts
     D:4: 503 daAuts
  Temple: 214 daAuts
